 Dungeon Crawl Stone Soup version 0.31-a0-574-g69dc8cc98e (webtiles) character file.

Game seed: 16767032559360931179

4 Zonian the Vexing (level 1, 0/13 HPs)
             Began as an Octopode Wanderer on Aug 19, 2023.
             Slain by a hobgoblin (1 damage)
             ... on level 1 of the Dungeon.
             The game lasted 00:00:58 (330 turns).

Zonian the Vexing (Octopode Wanderer)                Turns: 330, Time: 00:00:59

Health: 0/13       AC:  1    Str:  9    XL:     1   Next: 70%
Magic:  3/3        EV: 12    Int: 16    God:
Gold:   7          SH:  0    Dex: 11    Spells: 3/4 levels left

rFire   . . .        a - +0 dagger
rCold   . . .        (no shield)
rNeg    . . .        c - +0 hat
rPois   .            (no amulet)
rElec   .            (no ring)
rCorr   .            (no ring)
SInv    .            (no ring)
Will    .....        (no ring)
Stlth   +++          (no ring)
HPRegen 0.22/turn    (no ring)
MPRegen 0.08/turn    (no ring)
                     (no ring)

%: no passive effects
@: no status effects
A: almost no armour, amphibious, 8 rings, camouflage 1, gelatinous body 1,
(nimble swimmer 1), tentacles
a: no special abilities


You were on level 1 of the Dungeon.
You visited 1 branch of the dungeon, and saw 1 of its levels.

You collected 7 gold pieces.

Inventory:

Hand Weapons
 a - a +0 dagger (weapon)
Armour
 c - a +0 hat (worn)
Scrolls
 b - a scroll of summoning
Potions
 d - a potion of curing {unknown}


   Skills:
 + Level 1.1 Fighting
 + Level 1.5 Stealth
 + Level 2.0 Spellcasting
 + Level 0.2 Conjurations
 + Level 4.0 Hexes
 + Level 2.0 Fire Magic


You had 3 spell levels left.
You knew the following spells:

 Your Spells              Type           Power      Damage    Failure   Level
a - Foxfire               Conj/Fire      20%        2x1d5     13%         1

Your spell library contained the following spells:

 Spells                   Type           Power      Damage    Failure   Level
 Slow                     Hex            56%        N/A       4%          1
 Inner Flame              Hex/Fire       11%        N/A       19%         3
 Dazzling Flash           Conj/Hex       16%        N/A       26%         3
 Ignite Poison            Fire/Tmut/Pois 3%         N/A       43%         3


Dungeon Overview and Level Annotations

Branches:
Dungeon (1/15)

Altars:


Innate Abilities, Weirdness & Mutations

You cannot wear most types of armour.
You are amphibious.
You can wear up to eight rings at the same time.
Your skin changes colour to match your surroundings (Stealth+).
Your rubbery body absorbs attacks. (AC +1, EV +1)
((You are camouflaged when in or above water. (Stealth+)))
You have tentacles for arms and can constrict up to eight enemies at once.


Message History

The bat is moderately wounded.
The bat barely misses you.
You hit the bat.
You kill the bat!
No target in view!
d - a blue potion Unknown command.
You have 6 tentacles available for constriction.
Your movement speed is average.
Your attack delay is about 1.0.
Your damage rating with your +0 dagger is about 4 (Base 4 x 102% (Dex) x 101% (Skill)).
Unknown command.
Unknown command.
Unknown command.
Found a cloak.
A hobgoblin comes into view.
Found a blue potion.
The hobgoblin shouts!
A quokka comes into view.
Unknown command.
You closely miss the hobgoblin. Your grab misses the hobgoblin.
The hobgoblin closely misses you.
You barely miss the hobgoblin. You grab the hobgoblin.
Your squeeze misses the hobgoblin. You constrict the hobgoblin.
The hobgoblin closely misses you.
You hit the hobgoblin but do no damage.
The hobgoblin is lightly wounded.
You constrict the hobgoblin, but do no damage.
The hobgoblin closely misses you.
You hit the hobgoblin but do no damage.
The hobgoblin is lightly wounded.
You constrict the hobgoblin, but do no damage.
The quokka bites you. The hobgoblin hits you.
You are too injured to fight recklessly!
Unknown command.
You hit the hobgoblin.
The hobgoblin is moderately wounded.
You constrict the hobgoblin. The quokka misses you. The quokka bites you.
* * * LOW HITPOINT WARNING * * *
The hobgoblin hits you.
You die...

###...###
######.############
.........#........#
.........#........#
...[..........########
####.......)..........
###.........######[ .
#.........### ..r
#..........@##.g...
#..........rg......
#.........##.......
#.........# .#....!
#.####.##.. .#.#.#. #.
#.. .. .... .. #.. .#
.#. ## ...... ... ..


You could see a quokka and a hobgoblin.

Vanquished Creatures
  An endoplasm (D:1)
  A giant cockroach (D:1)
  A goblin (D:1)
  A bat (D:1)
4 creatures vanquished.

Notes
Turn   | Place    | Note
-------+----------+-------------------------------------------
     0 | D:1      | Zonian the Octopode Wanderer began the quest for the Orb.
     0 | D:1      | Zonian set off with the following items: a +0 dagger, a
                  | scroll of summoning, a +0 hat; and the following spells
                  | available to memorise: Slow, Foxfire, Inner Flame, Dazzling
                  | Flash, Ignite Poison.
     0 | D:1      | Reached XP level 1. HP: 13/13 MP: 3/3
     2 | D:1      | Learned a level 1 spell: Foxfire
   330 | D:1      | Slain by a hobgoblin

Illustrated notes

Levels and vault maps discovered:
D:1:      minmay_arrival_split_and_join, layout_rooms, serial_glass,
          glass_columns_a, glass_columns_a, item_on_display_a, feat_on_display,
          item_on_display_a, item_on_display_a

Action                     || total
---------------------------++-------
  Melee: Dagger            ||    14
         Constrict         ||     3
         Tentacles         ||     1
   Stab: Sleeping          ||     1
  Dodge: Dodged            ||    13

Table legend: (Time is in decaauts)
 A = Elapsed time spent in this place.
 B = Non-inter-level travel time spent in this place.
 C = Inter-level travel time spent in this place.
 D = Time resting spent in this place.
 E = Time spent auto-exploring this place.
 F = Levels seen in this place.
 G = Mean time per level.
                   A        B        C        D        E       F      G
               +--------+--------+--------+--------+--------+-----+--------+
         Total |    330 |    330 |      0 |    200 |     69 |   1 |  330.0 |
       Dungeon |    330 |    330 |      0 |    200 |     69 |   1 |  330.0 |
               +--------+--------+--------+--------+--------+-----+--------+

Top non-repeatable levels by time:
     D:1: 330 daAuts
